[Event "Titled Tuesday Blitz July 18 Late 2023"]
[White "Prydun, Andriy"]
[Black "Seletsky, Grigory"]
[WhiteFideId "14145898"]
[BlackFideId "14112191"]
[WhiteElo "2337"]
[BlackElo "2465"]
[Result "0-1"]
[Round "10"]
[TimeControl "180+2"]
[Date "2023.07.18"]
[WhiteClock "0:00:00"]
[BlackClock "0:00:23"]
[Board "94"]

1. d4 d5 2. Nf3 c6 3. Nbd2 Nf6 4. Nb3 h6 5. Bf4 Bf5 6. e3 e6 7. Bd3 Bxd3 8. cxd3 Bd6 9. Bxd6 Qxd6 10. O-O O-O 11. Ne5 Nbd7 12. f4 c5 13. Rf3 cxd4 14. exd4 Rac8 15. g4 Qe7 16. g5 Nxe5 17. fxe5 Nh7 18. gxh6 g6 19. Qd2 Qg5+ 20. Qg2 Qxh6 21. Raf1 b6 22. Rh3 Qg7 23. Rg3 Rc7 24. h4 Rfc8 25. h5 g5 26. Rf2 Kh8 27. Rgf3 a5 28. Nd2 g4 29. Rg3 Rg8 30. Nf1 Ng5 31. h6 Qxh6 32. Qh1 Nf3+ 33. Kg2 Qxh1+ 34. Kxh1 Rg6 35. Kg2 Nxd4 36. Ne3 Nf3 37. Nxg4 Ne1+ 38. Kf1 Nxd3 39. Rxd3 Rxg4 40. Rb3 Rc1+ 41. Ke2 Rc2+ 42. Ke1 Rxf2 43. Kxf2 Rb4 44. Rxb4 axb4 45. Ke2 Kg7 46. Kd2 f6 47. Kc2 fxe5 48. Kb3 e4 49. Kxb4 e3 50. Kc3 d4+ 51. Kd3 Kf6 52. a4 Ke7 53. b4 Kd6 54. Ke2 e5 55. Kd3 e4+ 56. Ke2 Kd5 57. Ke1 Kc4 58. a5 bxa5 59. bxa5 Kb5 0-1


[Site "https://www.chess.com"]

[Event "Titled Tuesday Blitz July 18 Late 2023"]
[White "Alain_Otero"]
[Black "Carrasco Miranda, Andres"]
[BlackFideId "3405990"]
[WhiteElo "2337"]
[BlackElo "2413"]
[Result "0-1"]
[Round "10"]
[TimeControl "180+2"]
[Date "2023.07.18"]
[WhiteClock "0:00:01"]
[BlackClock "0:00:43"]
[Board "95"]

1. e4 e5 2. Nf3 Nc6 3. Bb5 Nf6 4. d3 Bc5 5. Bxc6 dxc6 6. O-O Bd6 7. Nbd2 O-O 8. Nc4 Re8 9. b3 Bg4 10. Bb2 Nd7 11. Ne3 Be6 12. d4 exd4 13. Nxd4 Qh4 14. g3 Qxe4 15. Nxe6 Qxe6 16. Nc4 Rad8 17. Qd2 Nb6 18. Qc3 Qg6 19. Nxd6 cxd6 20. Rfe1 Nd5 21. Qd4 a6 22. a3 h6 23. c4 Nc7 24. Qb6 Rxe1+ 25. Rxe1 Re8 26. Rf1 Re2 27. Qxc7 Rxb2 28. Qxb7 Qd3 29. Qxa6 Rxb3 30. Qxc6 Rxa3 31. Qe8+ Kh7 32. Qxf7 Rc3 33. Qd5 Qxd5 34. cxd5 Rd3 35. Re1 Rxd5 36. Kg2 Rd2 37. Kf3 Kg6 38. Re6+ Kf5 39. Re7 Kf6 40. Rd7 g5 41. Ke3 Rd1 42. f4 g4 43. Ke4 h5 44. f5 Re1+ 45. Kd3 Kxf5 46. Kd2 Re6 47. Rh7 Kg6 48. Rh8 d5 49. Kd3 Re5 50. Kd4 Re2 51. Kxd5 Rxh2 52. Ke4 Rf2 53. Ke3 Rf3+ 54. Ke4 Rxg3 55. Rg8+ Kh7 56. Kf4 Kxg8 57. Kxg3 Kg7 0-1


[Site "https://www.chess.com"]

[Event "Titled Tuesday Blitz July 18 Late 2023"]
[White "Ai, Evan"]
[Black "AndresDelgado77"]
[WhiteFideId "2094770"]
[WhiteElo "2400"]
[BlackElo "2335"]
[Result "1-0"]
[Round "10"]
[TimeControl "180+2"]
[Date "2023.07.18"]
[WhiteClock "0:00:42"]
[BlackClock "0:00:00"]
[Board "96"]

1. d4 Nf6 2. Nc3 e6 3. e4 d5 4. e5 Nfd7 5. f4 c5 6. Nf3 Nc6 7. Be3 cxd4 8. Nxd4 Qb6 9. Qd2 Qxb2 10. Rb1 Qa3 11. Ncb5 Qxa2 12. Nc3 Qa5 13. Bb5 Ndb8 14. O-O a6 15. Bxc6+ Nxc6 16. Nxc6 bxc6 17. Ra1 Qc7 18. Rfb1 c5 19. Na4 d4 20. Bf2 Bb7 21. Nb6 Rd8 22. Nc4 Qc6 23. Bh4 Qe4 24. Bxd8 Kxd8 25. Na5 Bd5 26. Rb8+ Kc7 27. Re1 Qg6 28. Reb1 h5 29. c4 dxc3 30. R1b7+ 1-0


[Site "https://www.chess.com"]

[Event "Titled Tuesday Blitz July 18 Late 2023"]
[White "cedchass2006"]
[Black "Cruz, William Ferreira Da"]
[BlackFideId "2118050"]
[WhiteElo "2400"]
[BlackElo "2304"]
[Result "1-0"]
[Round "10"]
[TimeControl "180+2"]
[Date "2023.07.18"]
[WhiteClock "0:00:06"]
[BlackClock "0:00:00"]
[Board "97"]

1. e4 e6 2. d4 d5 3. Nd2 Nf6 4. e5 Nfd7 5. Bd3 c5 6. c3 Nc6 7. Ne2 cxd4 8. cxd4 f6 9. exf6 Nxf6 10. O-O Bd6 11. Nf3 O-O 12. h3 Ne4 13. Nc3 Rxf3 14. Qxf3 Nxd4 15. Qd1 Nxc3 16. bxc3 Nc6 17. Bb2 e5 18. Bc2 Be6 19. Bb3 Ne7 20. Qe2 Bc7 21. Rad1 Qd6 22. c4 e4 23. g3 Bxh3 24. cxd5 Bxf1 25. Rxf1 e3 26. Qxe3 Nf5 27. Qg5 Rf8 28. Bc2 Qg6 29. Qxg6 hxg6 30. Rd1 Bd6 31. Kg2 Rc8 32. Bb3 b5 33. Rc1 Rxc1 34. Bxc1 a5 35. Bc2 Ne7 36. Bd3 b4 37. Bc4 Nc8 38. Be3 a4 39. Ba6 Ne7 40. Bb5 b3 41. axb3 axb3 42. Bc4 b2 43. Ba2 Nf5 44. Bd2 Be5 45. d6+ Kf8 46. d7 Bc7 47. Bb4+ Ne7 48. Ba3 g5 49. Bxb2 g6 50. Ba3 Bd8 51. Bd6 Kg7 52. f4 1-0


[Site "https://www.chess.com"]

[Event "Titled Tuesday Blitz July 18 Late 2023"]
[White "Broca Jimenez, Fernando"]
[Black "Stachanczyk, Jacek"]
[WhiteFideId "5104742"]
[BlackFideId "1116657"]
[WhiteElo "2268"]
[BlackElo "2397"]
[Result "0-1"]
[Round "10"]
[TimeControl "180+2"]
[Date "2023.07.18"]
[WhiteClock "0:01:26"]
[BlackClock "0:01:53"]
[Board "98"]

1. g3 g6 2. Bg2 Bg7 3. Nc3 c5 4. b3 Nc6 5. Bb2 Nf6 6. e4 d6 7. Nf3 O-O 8. d3 Rb8 9. O-O b5 10. Nd5 e6 11. Nxf6+ Bxf6 12. Bxf6 Qxf6 13. Qe2 b4 14. Rfe1 e5 15. Qd2 Bg4 16. Re3 Bxf3 17. Bxf3 a5 18. c3 bxc3 19. Qxc3 Nd4 20. Bg2 Rb4 21. Rf1 a4 22. f4 axb3 23. fxe5 Qxe5 24. axb3 Nf3+ 25. Rexf3 Qxc3 26. Rf6 Rxb3 0-1


[Site "https://www.chess.com"]

[Event "Titled Tuesday Blitz July 18 Late 2023"]
[White "rikchessmx"]
[Black "Mazurkiewicz, Michal"]
[BlackFideId "1124943"]
[WhiteElo "2260"]
[BlackElo "2395"]
[Result "0-1"]
[Round "10"]
[TimeControl "180+2"]
[Date "2023.07.18"]
[WhiteClock "0:01:40"]
[BlackClock "0:02:02"]
[Board "99"]

1. e4 d6 2. d4 Nf6 3. Nc3 c6 4. f3 e5 5. Bc4 Be7 6. Bb3 b5 7. Nge2 O-O 8. Be3 Nbd7 9. g4 a5 10. a3 Bb7 11. g5 Nh5 12. Qd2 b4 13. Nd1 c5 14. d5 Nb6 15. Ng3 Nf4 16. h4 f6 17. gxf6 Bxf6 18. Qh2 Bxh4 19. Bxf4 Rxf4 20. Nf2 Rxf3 21. Qxh4 Qxh4 22. Rxh4 Rxg3 23. axb4 Rg1+ 24. Ke2 Rxa1 25. bxc5 dxc5 26. d6+ c4 0-1


[Site "https://www.chess.com"]

[Event "Titled Tuesday Blitz July 18 Late 2023"]
[White "Miguelitro69"]
[Black "Yolosz"]
[WhiteElo "2257"]
[BlackElo "2379"]
[Result "1-0"]
[Round "10"]
[TimeControl "180+2"]
[Date "2023.07.18"]
[WhiteClock "0:00:41"]
[BlackClock "0:00:06"]
[Board "100"]

1. e4 c5 2. Nf3 Nc6 3. d4 cxd4 4. Nxd4 g6 5. Nc3 Bg7 6. Be3 Nf6 7. Bc4 O-O 8. Bb3 a5 9. a4 d5 10. exd5 Nb4 11. Ndb5 Ng4 12. Bd4 Ra6 13. Bxg7 Kxg7 14. h3 Nf6 15. O-O Bd7 16. Qd4 Bxb5 17. axb5 Rd6 18. b6 Qxb6 19. Qxb6 Rxb6 20. Rxa5 Rd8 21. Re1 Kf8 22. Rc5 Nd3 23. cxd3 Rxb3 24. Rc7 Nxd5 25. Nxd5 Rxd5 26. Rexe7 Rf5 27. Rxb7 Rxd3 28. Re2 Rd1+ 29. Kh2 h5 30. h4 Rf1 31. Kg3 g5 32. hxg5 Rxg5+ 33. Kh2 h4 34. Rb4 h3 35. g3 Rf5 36. Rf4 Rb5 37. Rc2 Rb1 38. Rc8+ Kg7 39. Rc7 R1xb2 40. Rcxf7+ Kg8 41. Kxh3 R2b3 42. Kg4 Rc3 43. Rf8+ Kg7 44. R8f5 Rb6 45. Rg5+ Kh6 46. Rh5+ Kg7 47. Kh4 Rc2 48. Rg5+ Kh6 49. Rg8 Rc5 50. Kh3 Kh7 51. Rgg4 Rh5+ 52. Kg2 Rb1 53. Rh4 Kg6 54. Rxh5 Kxh5 55. Ra4 Kg5 56. Ra5+ Kf6 57. f4 1-0


[Site "https://www.chess.com"]

[Event "Titled Tuesday Blitz July 18 Late 2023"]
[White "UgarteCesar"]
[Black "Todev, Simeon"]
[BlackFideId "2925133"]
[WhiteElo "2245"]
[BlackElo "2373"]
[Result "1-0"]
[Round "10"]
[TimeControl "180+2"]
[Date "2023.07.18"]
[WhiteClock "0:01:59"]
[BlackClock "0:02:44"]
[Board "101"]

1. d4 g6 2. Bf4 Bg7 3. e3 d5 4. Nf3 c5 5. c3 Nc6 6. h3 Bf5 7. Bd3 Qb6 8. Bxf5 Qxb2 9. Bd7+ Kxd7 10. Nbd2 Qxc3 11. Rc1 Qa5 12. Rxc5 Qxa2 13. O-O e6 14. Qe2 b6 15. Rxc6 Kxc6 16. Rc1+ Kb7 17. Qb5 Nf6 18. Rc7+ Kb8 19. Rxf7+ Kc8 20. Qc6+ Kd8 21. Qc7+ Ke8 22. Qe7# 1-0


[Site "https://www.chess.com"]

[Event "Titled Tuesday Blitz July 18 Late 2023"]
[White "Prieto Aranguren, Alain"]
[Black "Schachpanda_Youtube"]
[WhiteFideId "2268906"]
[WhiteElo "2357"]
[BlackElo "2222"]
[Result "0-1"]
[Round "10"]
[TimeControl "180+2"]
[Date "2023.07.18"]
[WhiteClock "0:00:36"]
[BlackClock "0:00:23"]
[Board "102"]

1. e4 c6 2. d4 d5 3. e5 c5 4. dxc5 e6 5. c3 Bxc5 6. Nd2 Nc6 7. Ngf3 Nge7 8. Nb3 Bb6 9. Bd3 Ng6 10. Qe2 O-O 11. O-O a5 12. a4 Bd7 13. Rd1 Qe7 14. Nbd2 f6 15. exf6 gxf6 16. c4 Nf4 17. Qf1 Qg7 18. Nb3 Nh3+ 19. Kh1 Nxf2+ 20. Qxf2 Bxf2 21. cxd5 exd5 22. Rf1 Bb6 23. Bd2 Ne5 24. Be2 Rae8 25. Bc3 Kh8 26. Nbd4 Rg8 27. g3 Qh6 28. Nh4 Bxd4 29. Bxd4 Qd2 30. Bxe5 fxe5 31. Bh5 Ref8 32. Rfd1 Qxb2 33. Rab1 Qa3 34. Rxb7 Bc6 35. Rb6 Qc5 36. Rxc6 Qxc6 37. Bf3 Rxf3 38. Nxf3 d4 39. Kg2 Rf8 40. Rf1 d3 41. Rf2 d2 42. Rxd2 Qxf3+ 43. Kh3 e4 44. Rd7 e3 45. Rd4 e2 46. Rf4 Qxf4 47. gxf4 e1=Q 48. Kg4 Qf2 49. h3 Qxf4+ 50. Kh5 Rf5# 0-1


[Site "https://www.chess.com"]

[Event "Titled Tuesday Blitz July 18 Late 2023"]
[White "Shapiro, Daniel"]
[Black "De Arruda, Leandro Formes"]
[WhiteFideId "2001780"]
[BlackFideId "22722009"]
[WhiteElo "2354"]
[BlackElo "2217"]
[Result "1-0"]
[Round "10"]
[TimeControl "180+2"]
[Date "2023.07.18"]
[WhiteClock "0:00:18"]
[BlackClock "0:00:10"]
[Board "103"]

1. d4 d5 2. c4 e6 3. Nf3 Nf6 4. g3 c6 5. Qc2 Be7 6. Bg2 Nbd7 7. O-O O-O 8. Rd1 Ne4 9. Ne5 f5 10. Nd3 Bf6 11. e3 Qe8 12. Nd2 Qh5 13. f3 Ng5 14. Nf2 Re8 15. h3 e5 16. g4 fxg4 17. fxg4 Qh4 18. cxd5 cxd5 19. Bxd5+ Kh8 20. Bg2 exd4 21. Nf1 dxe3 22. Bxe3 Ne5 23. Nh2 Qg3 24. Nf1 Qh4 25. Rac1 Be6 26. Bf4 Ngf3+ 27. Kh1 Bxg4 28. Bg3 Qh5 29. Nxg4 Nxg4 30. Bxf3 Nh6 31. Bxh5 1-0


[Site "https://www.chess.com"]

[Event "Titled Tuesday Blitz July 18 Late 2023"]
[White "Figorito, Nick"]
[Black "Ricaurte Lopez, Juan Carlos"]
[WhiteFideId "30923689"]
[BlackFideId "3600327"]
[WhiteElo "2342"]
[BlackElo "2146"]
[Result "1/2-1/2"]
[Round "10"]
[TimeControl "180+2"]
[Date "2023.07.18"]
[WhiteClock "0:00:55"]
[BlackClock "0:00:53"]
[Board "104"]

1. Nf3 Nf6 2. g3 c5 3. Bg2 b6 4. O-O Bb7 5. c4 e6 6. Nc3 Be7 7. b3 O-O 8. Bb2 a6 9. d4 cxd4 10. Qxd4 Nc6 11. Qd2 d6 12. Nd4 Qc7 13. Nxc6 Bxc6 14. Bxc6 Qxc6 15. Rfd1 Rfd8 16. Rac1 Rac8 17. Qe3 h6 18. Qf3 Qxf3 19. exf3 Kf8 20. Ne4 Rc6 21. Nxf6 Bxf6 22. Bxf6 gxf6 23. f4 Ke7 24. Kf1 Rdc8 25. Rb1 b5 26. cxb5 axb5 27. Rb2 Rc2 28. Rd2 Rxb2 29. Rxb2 b4 30. Ke2 Rc3 31. Kd2 Rf3 32. Ke2 Rc3 33. Kd2 Rf3 34. Ke1 d5 35. Rc2 Rc3 36. Rxc3 bxc3 37. a4 d4 38. a5 Kd6 39. a6 Kc6 40. b4 d3 41. f3 Kb6 42. b5 Ka7 43. g4 Kb6 44. Kd1 Ka7 45. h4 Kb6 46. g5 fxg5 47. fxg5 h5 48. f4 Ka7 49. Kc1 Kb6 50. Kd1 Ka7 51. Kc1 Kb6 52. Kd1 1/2-1/2


[Site "https://www.chess.com"]

[Event "Titled Tuesday Blitz July 18 Late 2023"]
[White "Melikhov, Evgeny V."]
[Black "Mangialardo, Tiago Carvalho"]
[WhiteFideId "4122046"]
[BlackFideId "2130718"]
[WhiteElo "2364"]
[BlackElo "2152"]
[Result "1-0"]
[Round "10"]
[TimeControl "180+2"]
[Date "2023.07.18"]
[WhiteClock "0:01:32"]
[BlackClock "0:00:00"]
[Board "105"]

1. d4 Nf6 2. c4 c5 3. d5 g6 4. Nc3 Bg7 5. e4 d6 6. Nf3 O-O 7. h3 e6 8. Bd3 exd5 9. cxd5 b5 10. Nxb5 Nxe4 11. Bxe4 Qa5+ 12. Nc3 Bxc3+ 13. bxc3 Re8 14. Ng5 h6 15. Ne6 Bb7 16. O-O fxe6 17. Bxg6 Rf8 18. c4 Qc3 19. Bxh6 Rf6 20. Qh5 Nd7 21. Bg5 Nf8 22. Bxf6 Qxf6 23. Be4 e5 24. Rab1 Ba6 25. Rb3 Bxc4 26. Rg3+ Ng6 27. Rxg6+ 1-0


[Site "https://www.chess.com"]

[Event "Titled Tuesday Blitz July 18 Late 2023"]
[White "Vaglio Munoz, Jaime"]
[Black "Sarkar, Justin"]
[WhiteFideId "6500145"]
[BlackFideId "2010011"]
[WhiteElo "2263"]
[BlackElo "2235"]
[Result "1-0"]
[Round "10"]
[TimeControl "180+2"]
[Date "2023.07.18"]
[WhiteClock "0:01:54"]
[BlackClock "0:00:00"]
[Board "106"]

1. e4 c5 2. a3 d5 3. exd5 Nf6 4. Nc3 Nxd5 5. Qf3 Nxc3 6. Bc4 e6 7. Qxc3 Nc6 8. Nf3 a6 9. O-O Nd4 10. b4 Nxf3+ 11. Qxf3 Qd4 12. Qc3 Qxc3 13. dxc3 Be7 14. Be3 b5 15. Be2 Bd7 16. bxc5 Rc8 17. c4 Bxc5 18. cxb5 Bxe3 19. fxe3 axb5 20. Bd3 Ke7 21. Rfb1 Rc5 22. Kf2 Rhc8 23. Ke2 g6 24. Kd2 e5 25. e4 f5 26. Re1 f4 27. h4 h6 28. g3 g5 29. hxg5 hxg5 30. gxf4 exf4 31. Rh1 Rg8 32. Rh7+ Kd8 33. a4 1-0


[Site "https://www.chess.com"]

[Event "Titled Tuesday Blitz July 18 Late 2023"]
[White "BrandonJiang123456"]
[Black "Vanek, Tomas"]
[BlackFideId "313459"]
[WhiteElo "2262"]
[BlackElo "2166"]
[Result "1-0"]
[Round "10"]
[TimeControl "180+2"]
[Date "2023.07.18"]
[WhiteClock "0:01:51"]
[BlackClock "0:00:35"]
[Board "107"]

1. Nf3 e6 2. d3 d5 3. g3 c5 4. Bg2 Nc6 5. O-O Nge7 6. Nbd2 f5 7. e4 Qc7 8. Re1 dxe4 9. dxe4 Bd7 10. Nc4 O-O-O 11. Bf4 e5 12. Nfxe5 g5 13. Nxc6 gxf4 14. Nxd8 Kxd8 15. exf5 fxg3 16. hxg3 Bg7 17. Qe2 Re8 18. Qf3 Nxf5 19. Rxe8+ Kxe8 20. Re1+ Kd8 21. Qd5 Ne7 22. Qg5 Bf8 23. Qf6 Qe5 24. Qxf8+ Kc7 25. Nxe5 1-0


[Site "https://www.chess.com"]

[Event "Titled Tuesday Blitz July 18 Late 2023"]
[White "Navyblue1"]
[Black "Thiel, Thomas"]
[BlackFideId "4615964"]
[WhiteElo "1878"]
[BlackElo "2246"]
[Result "1-0"]
[Round "10"]
[TimeControl "180+2"]
[Date "2023.07.18"]
[WhiteClock "0:00:02"]
[BlackClock "0:00:00"]
[Board "108"]

1. d4 d5 2. c4 dxc4 3. e4 e5 4. Nf3 exd4 5. Bxc4 Nc6 6. Bd5 Bb4+ 7. Bd2 Nge7 8. Qb3 Bxd2+ 9. Nbxd2 O-O 10. O-O Nxd5 11. exd5 Ne7 12. Nxd4 Qxd5 13. Qxd5 Nxd5 14. Rac1 c6 15. Nc4 Rd8 16. a3 Kf8 17. h3 Nc7 18. Nb3 b6 19. Ne5 c5 20. Rfd1 Be6 21. Nd2 Bd5 22. Nf1 f6 23. Ng4 Bb3 24. Re1 Re8 25. Nge3 Nd5 26. Nxd5 Bxd5 27. Ne3 Bf7 28. b4 cxb4 29. axb4 a5 30. bxa5 bxa5 31. Ra1 a4 32. Ra3 Bb3 33. Rc1 Rac8 34. Rca1 g6 35. Rb1 f5 36. Rbxb3 axb3 37. Rxb3 Kf7 38. Rb7+ Re7 39. Rxe7+ Kxe7 40. Nd5+ Kd6 41. Nf4 Ke5 42. g3 Ke4 43. Kg2 Rc2 44. h4 Ke5 45. Nh3 Kf6 46. Ng5 h6 47. Nf3 g5 48. hxg5+ hxg5 49. Nd4 Ra2 50. Nb5 Ke5 51. Nc3 Rc2 52. Nd1 Re2 53. Ne3 Ke4 54. Nf1 f4 55. gxf4 gxf4 56. Kg1 f3 57. Ng3+ Kd3 58. Kf1 Ra2 59. Kg1 Ra1+ 60. Kh2 Re1 61. Kh3 1-0


[Site "https://www.chess.com"]

[Event "Titled Tuesday Blitz July 18 Late 2023"]
[White "Campos, Maria Jose"]
[Black "Feliz Dotel, Dewar Bienvenido"]
[WhiteFideId "146803"]
[BlackFideId "6402801"]
[WhiteElo "2371"]
[BlackElo "2080"]
[Result "1-0"]
[Round "10"]
[TimeControl "180+2"]
[Date "2023.07.18"]
[WhiteClock "0:01:45"]
[BlackClock "0:00:00"]
[Board "109"]

1. c4 e6 2. g3 d5 3. Bg2 Nf6 4. Nf3 Be7 5. O-O O-O 6. d4 c5 7. cxd5 exd5 8. Nc3 Nc6 9. dxc5 d4 10. Na4 Qa5 11. Bd2 Qb5 12. b4 Nxb4 13. Nxd4 Qc4 14. Nb3 Nc2 15. Nb2 Qe6 16. Qxc2 h5 17. Nd4 Qg4 18. Nf3 Bf5 19. Qc4 Ne4 20. Be3 h4 21. Ne5 Qh5 22. Bxe4 Bxe4 23. Qxe4 h3 24. Nbd3 Rfe8 25. Qf3 Qh7 26. Rab1 Bf6 27. Ng4 Re6 28. Rxb7 Rae8 29. Nf4 Ra6 30. c6 Rxa2 31. Nxf6+ gxf6 32. Nd5 Qg6 33. c7 Rc2 34. Nxf6+ Kf8 35. Nxe8 Kxe8 36. Rb8+ Kd7 37. Bf4 1-0


[Site "https://www.chess.com"]

[Event "Titled Tuesday Blitz July 18 Late 2023"]
[White "Floresvillar Gonzalez, Luis Migu"]
[Black "Chemin, Justo Reinaldo"]
[WhiteFideId "5100542"]
[BlackFideId "2101580"]
[WhiteElo "2080"]
[BlackElo "2240"]
[Result "0-1"]
[Round "10"]
[TimeControl "180+2"]
[Date "2023.07.18"]
[WhiteClock "0:00:00"]
[BlackClock "0:00:11"]
[Board "110"]

1. e4 e6 2. b3 d5 3. Bb2 Nf6 4. e5 Nfd7 5. f4 c5 6. Nf3 Nc6 7. c4 d4 8. d3 g6 9. Nbd2 Bh6 10. g3 O-O 11. Ne4 f6 12. exf6 Nxf6 13. Nxc5 Qa5+ 14. Qd2 Qxc5 15. a3 Qd6 16. Bg2 e5 17. Ng5 exf4 18. gxf4 Ng4 19. Bd5+ Kg7 20. O-O Bxg5 21. fxg5 Bf5 22. Rae1 Rae8 23. b4 Rxe1 24. Rxe1 Bd7 25. b5 Rf2 26. Qxf2 Nxf2 27. bxc6 Nh3+ 28. Kg2 Nxg5 29. Bxd4+ Kh6 30. cxd7 Qxd7 31. Re3 Qg4+ 32. Rg3 Qxd4 33. h4 Ne6 34. Bxe6 Qb2+ 35. Kh3 Qxa3 36. Bd5 Qd6 37. h5 gxh5 38. Be4 Qd7+ 39. Kh4 a5 40. Rg5 Qe7 0-1


[Site "https://www.chess.com"]

[Event "Titled Tuesday Blitz July 18 Late 2023"]
[White "Lutz, Igor Oscar"]
[Black "De Souza, Cristiano Gomes"]
[WhiteFideId "2110806"]
[BlackFideId "2151758"]
[WhiteElo "1948"]
[BlackElo "2230"]
[Result "1-0"]
[Round "10"]
[TimeControl "180+2"]
[Date "2023.07.18"]
[WhiteClock "0:00:13"]
[BlackClock "0:01:27"]
[Board "111"]

1. d4 Nf6 2. c4 g6 3. Nc3 Bg7 4. e4 d6 5. Nf3 O-O 6. Be2 e5 7. Be3 Ng4 8. Bg5 f6 9. Bd2 Nc6 10. d5 Ne7 11. h3 Nh6 12. g4 f5 13. gxf5 gxf5 14. exf5 Nhxf5 15. Ne4 Ng6 16. Rg1 Kh8 17. Qc2 Nd4 18. Nxd4 exd4 19. O-O-O Bxh3 20. Ng5 Bf5 21. Bd3 Qd7 22. Ne6 Bxe6 23. dxe6 Qxe6 24. Bxg6 hxg6 25. Rxg6 Qf5 26. Rh1+ Kg8 27. Rhg1 Qxc2+ 28. Kxc2 Rf7 29. Bh6 Rxf2+ 30. Kb3 Rf7 31. Bxg7 Re8 32. Bxd4+ Kh7 33. Rg7+ Rxg7 34. Rxg7+ Kh6 35. Rxc7 b6 36. Rxa7 Kg5 37. Bxb6 Kf4 38. Rf7+ Ke4 39. Rd7 d5 40. Rxd5 Rb8 41. Rb5 1-0


[Site "https://www.chess.com"]

[Event "Titled Tuesday Blitz July 18 Late 2023"]
[White "Liu, Casper"]
[Black "SoyuzTM4"]
[WhiteFideId "1454153"]
[WhiteElo "2418"]
[BlackElo "2193"]
[Result "1-0"]
[Round "10"]
[TimeControl "180+2"]
[Date "2023.07.18"]
[WhiteClock "0:00:58"]
[BlackClock "0:00:00"]
[Board "112"]

1. e4 c5 2. d4 cxd4 3. Qxd4 Nc6 4. Qe3 d6 5. Nc3 Nf6 6. Bd2 g6 7. O-O-O Bg7 8. h4 h5 9. Nd5 O-O 10. Bc3 Be6 11. Bc4 Rc8 12. Nxf6+ exf6 13. Bxe6 fxe6 14. Qd3 Qe8 15. Qxd6 Bh6+ 16. Bd2 Rd8 17. Qg3 Rxd2 18. Rxd2 Bxd2+ 19. Kxd2 Qf7 20. Nf3 e5 21. Rd1 Kg7 22. b3 Nb4 23. a3 Rd8+ 24. Ke2 Rxd1 25. Kxd1 Nc6 26. Nd2 Qe7 27. Nc4 b5 28. Nb2 Qxa3 29. Qc3 Qd6+ 30. Nd3 Nd4 31. Qc8 Nxb3 32. Qb7+ Kh6 33. Qc8 Kg7 34. Qb7+ Kh6 35. Qxb5 Nd4 36. Qe8 Kg7 37. Qa8 Qc6 38. Qxa7+ Kh6 39. Nc5 Qd6 40. Kc1 Nb5 41. Qa8 Kg7 42. Qb7+ Nc7 43. Qxc7+ Qxc7 44. Ne6+ 1-0


[Site "https://www.chess.com"]

[Event "Titled Tuesday Blitz July 18 Late 2023"]
[White "Tqebuchava, Zurab"]
[Black "Gyulamiryan-koryun"]
[WhiteFideId "13601113"]
[WhiteElo "2100"]
[BlackElo "1912"]
[Result "1-0"]
[Round "10"]
[TimeControl "180+2"]
[Date "2023.07.18"]
[WhiteClock "0:00:19"]
[BlackClock "0:00:00"]
[Board "113"]

1. e4 e5 2. Nf3 Nc6 3. Bb5 a6 4. Ba4 Nf6 5. O-O Be7 6. Re1 b5 7. Bb3 O-O 8. c3 d5 9. exd5 Nxd5 10. h3 f6 11. d4 Na5 12. dxe5 Nxb3 13. Qxb3 Bb7 14. e6 Qd6 15. Nbd2 c5 16. c4 Nc7 17. Ne4 Bxe4 18. Rxe4 b4 19. Bf4 Qc6 20. Rae1 a5 21. Bxc7 Qxc7 22. Qa4 Rfd8 23. R4e2 Ra6 24. Nh4 g6 25. Nf3 Qc6 26. Qc2 a4 27. Rd2 Raa8 28. Rde2 Rab8 29. b3 axb3 30. axb3 Rd6 31. h4 Rbd8 32. h5 Kg7 33. Qc1 g5 34. Nh2 1-0


[Site "https://www.chess.com"]

[Event "Titled Tuesday Blitz July 18 Late 2023"]
[White "Hilary46"]
[Black "Burke, Paul"]
[BlackFideId "2605767"]
[WhiteElo "2679"]
[BlackElo "1979"]
[Result "1-0"]
[Round "10"]
[TimeControl "180+2"]
[Date "2023.07.18"]
[WhiteClock "0:02:06"]
[BlackClock "0:02:39"]
[Board "114"]

1. e4 e5 2. Nf3 Nc6 3. Bb5 f5 4. d3 Nf6 5. exf5 Be7 6. O-O O-O 7. Bxc6 dxc6 8. Nxe5 Bd6 9. Nc4 Bxf5 10. Nxd6 Qxd6 11. Qf3 Rae8 12. Qxf5 1-0


[Site "https://www.chess.com"]

[Event "Titled Tuesday Blitz July 18 Late 2023"]
[White "Vargas, Mauricio"]
[Black "Awoki, Daniel Teidi"]
[WhiteFideId "4404572"]
[BlackFideId "2100827"]
[WhiteElo "1876"]
[BlackElo "2296"]
[Result "0-1"]
[Round "10"]
[TimeControl "180+2"]
[Date "2023.07.18"]
[WhiteClock "0:00:00"]
[BlackClock "0:00:10"]
[Board "115"]

1. e4 c5 2. Nc3 g6 3. f4 Bg7 4. Nf3 Nc6 5. Bb5 Nd4 6. Bf1 d6 7. d3 Bg4 8. h3 Bxf3 9. gxf3 e6 10. h4 Bf6 11. h5 Bh4+ 12. Kd2 Qf6 13. Ke3 Bg3 14. Ne2 Nxe2 15. Kxe2 Bxf4 16. hxg6 fxg6 17. Bh3 Bxc1 18. Qxc1 Ne7 19. c3 Nc6 20. Qe3 O-O-O 21. Raf1 Kb8 22. Kd2 Rdf8 23. Kc2 e5 24. Bd7 Nd8 25. Bh3 Ne6 26. Kb1 Nf4 0-1


[Site "https://www.chess.com"]

[Event "Titled Tuesday Blitz July 18 Late 2023"]
[White "Prohorov, Olexandr"]
[Black "Sainz Aguirre, Ignacio"]
[WhiteFideId "14105578"]
[BlackFideId "5101727"]
[WhiteElo "2173"]
[BlackElo "1968"]
[Result "1-0"]
[Round "10"]
[TimeControl "180+2"]
[Date "2023.07.18"]
[WhiteClock "0:00:12"]
[BlackClock "0:00:00"]
[Board "116"]

1. d4 d5 2. c4 e6 3. Nc3 a6 4. Nf3 dxc4 5. a4 Nc6 6. e4 Na5 7. Bf4 Bb4 8. Qc2 Nf6 9. Rd1 b5 10. Bg5 h6 11. Bh4 Bb7 12. d5 exd5 13. e5 g5 14. Nxg5 hxg5 15. Bxg5 Qd7 16. Bxf6 Rh6 17. Be2 d4 18. O-O Rg6 19. Ne4 Qh3 20. g3 Rh6 21. Bh4 Rxh4 22. gxh4 O-O-O 23. f3 d3 24. Bxd3 cxd3 25. Qg2 Qxg2+ 26. Kxg2 Nc4 27. axb5 Ne3+ 28. Kf2 Nxf1 29. Kxf1 Bxe4 30. fxe4 d2 31. bxa6 Rd4 32. Ke2 Rxe4+ 33. Kd3 Rxe5 34. Kc2 Rc5+ 35. Kb3 Ba5 36. h5 Rxh5 37. Ka4 Kb8 38. b4 Bb6 39. Rxd2 Ka7 40. Re2 Kxa6 41. Re7 f5 42. Rf7 Kb7 43. Rf6 Rxh2 44. Rxf5 Rh4 45. Kb3 Kc6 46. Rf6+ Kb5 47. Rf5+ Ka6 48. Rg5 Kb7 49. Rg6 Rh3+ 50. Ka4 Rh4 51. Rf6 c5 52. Rf7+ 1-0


[Site "https://www.chess.com"]

[Event "Titled Tuesday Blitz July 18 Late 2023"]
[White "Nakamura, Hikaru"]
[Black "Kramnik, Vladimir"]
[WhiteFideId "2016192"]
[BlackFideId "4101588"]
[WhiteElo "3255"]
[BlackElo "2990"]
[Result "1-0"]
[Round "11"]
[TimeControl "180+2"]
[Date "2023.07.18"]
[WhiteClock "0:00:08"]
[BlackClock "0:00:00"]
[Board "1"]

1. e4 c5 2. Nf3 e6 3. d4 cxd4 4. Nxd4 Nf6 5. Nc3 Nc6 6. a3 d6 7. Be3 Bd7 8. Ndb5 Qb8 9. Qd2 a6 10. Nd4 b5 11. Be2 Be7 12. g4 h6 13. h4 Ne5 14. Rg1 Qb7 15. f3 Rc8 16. g5 hxg5 17. hxg5 Nh5 18. O-O-O g6 19. f4 Nc4 20. Bxc4 bxc4 21. Kb1 Rb8 22. Qc1 d5 23. Ka1 dxe4 24. Nde2 O-O 25. Ng3 Rfd8 26. Nxh5 gxh5 27. Rh1 e5 28. Rxh5 Bg4 29. Rxd8+ Rxd8 30. Rh4 Bf3 31. fxe5 Qc7 32. e6 Bf8 33. exf7+ Qxf7 34. g6 Qxg6 35. Ka2 Bg7 36. Rh2 Qg3 37. Rd2 Rb8 38. Rd7 Qg4 39. Ra7 Qg6 40. Qd2 Qf6 41. Qd5+ Kh7 42. Bd4 Rd8 43. Bxf6 1-0


[Site "https://www.chess.com"]